AoeStats
← Adams1491

Arena

508428951Analyzed
4v4 RM · 11d ago on Sep 22, 2026· 36m 42s· 8 players
Game mode
Random Map
Map size
Large (8 player)
Population
200
Speed
Normal
Resources
Standard
Victory
Conquest
Starting age
Dark Age
Ending age
Imperial Age
RankedLock teamsTeams togetherTeam positionsShared explorationLock speedFull tech treeHidden civsTurbo modeCheats
Victory
Defeat
🇮🇹 Inca · Italy
1462
+16
🇳🇱 Goths · Netherlands
1459
+16
🇩🇪 Magyars · Germany
1418
+18
🇩🇪 Chinese · Germany
1399
+19
🇹🇼 Malay · Taiwan
1519
-19
🇨🇦 Portuguese · Canada
1482
-18
1438
-16
🇹🇼 Spanish · Taiwan
1423
-16
NEO
10:56 Feudal Age
14:51 Castle Age
13:32 Double-Bit Axe
13:30 Horse Collar
15:06 Light Cavalry
20:49 Bow Saw
21:37 Heavy Plow
23:21 Wheelbarrow
24:03 Bloodlines
23:54 Husbandry
24:35 Hand Cart
24:05 Loom
26:25 Gold Mining
26:25 Stone Mining
29:26 Scale Barding Armor
34:06 Imperial Age
33:21 Chain Barding Armor
34:09 Cavalier
36:44 Plate Barding Armor
Darealown
0:33 Loom
10:27 Feudal Age
14:32 Castle Age
12:35 Double-Bit Axe
12:48 Horse Collar
15:23 Bow Saw
15:34 Heavy Plow
19:59 Wheelbarrow
20:43 Gold Mining
22:15 Hand Cart
27:41 Imperial Age
26:02 Fortified Wall
28:14 Fletching
28:26 Padded Archer Armor
29:31 Chemistry
28:51 Ballistics
27:54 Heavy Cavalry Archer
28:59 Bloodlines
28:51 Husbandry
28:39 Capped Ram
29:51 Leather Archer Armor
30:00 Bodkin Arrow
30:34 Thumb Ring
31:19 Bracer
32:34 Ring Archer Armor
32:50 Siege Ram
34:12 Masonry
35:48 Architecture
36:34 Two-Man Saw
ITA | GiaggiaZena
10:01 Feudal Age
13:59 Castle Age
12:41 Double-Bit Axe
13:43 Horse Collar
20:42 Bow Saw
22:18 Wheelbarrow
22:50 Gold Mining
24:24 Forging
27:55 Imperial Age
25:32 Squires
25:49 Champi Runner
27:14 Forging
26:45 Champi Warrior
27:35 Scale Mail Armor
28:03 Capped Ram
29:20 Chain Mail Armor
29:55 Conscription
29:27 Elite Champi Warrior
30:01 Siege Ram
34:11 Plate Mail Armor
35:40 Iron Casting
D3AGLEZ
10:20 Feudal Age
10:25 Loom
11:09 Double-Bit Axe
17:55 Castle Age
18:54 Bow Saw
24:16 Horse Collar
24:28 Gold Mining
24:41 Town Watch
25:12 Heavy Plow
30:55 Wheelbarrow
34:18 Imperial Age
32:03 Fletching
32:14 Padded Archer Armor
32:12 Stone Mining
33:32 Scale Mail Armor
33:49 Leather Archer Armor
33:29 Bodkin Arrow
33:37 Elite Skirmisher
33:53 Man-at-Arms
33:57 Pikeman
34:38 Squires
35:14 Bracer
36:15 Chemistry
36:43 Ring Archer Armor
Adams1491
11:01 Feudal Age
14:38 Castle Age
13:03 Double-Bit Axe
15:45 Wheelbarrow
15:35 Bow Saw
21:59 Loom
24:28 Hand Cart
24:00 Town Watch
24:11 Gold Mining
24:13 Stone Mining
27:40 Imperial Age
25:33 Padded Archer Armor
26:41 Bloodlines
28:25 Leather Archer Armor
28:19 Husbandry
29:44 Ring Archer Armor
29:33 Elite Conquistador
32:47 Fletching
33:05 Cavalier
33:51 Scale Barding Armor
33:56 Forging
34:15 Conscription
twitch.tv/TheSeniorSmurf
9:59 Feudal Age
14:10 Castle Age
12:52 Double-Bit Axe
12:49 Horse Collar
18:09 Bow Saw
21:39 Wheelbarrow
24:16 Hand Cart
28:25 Imperial Age
25:43 Loom
26:02 Fletching
26:14 Padded Archer Armor
27:39 Leather Archer Armor
27:29 Gold Mining
30:06 Chemistry
29:38 Ring Archer Armor
30:44 Town Watch
30:50 Fletching
33:28 Conscription
33:16 Bodkin Arrow
33:44 Ballistics
33:05 Treadmill Crane
33:35 Masonry
33:23 Stone Mining
33:59 Pirotechnia
35:30 Hoardings
35:21 Bracer
35:53 Architecture
37:38 Two-Man Saw
Geo
5:35 Loom
8:55 Feudal Age
8:43 Double-Bit Axe
14:53 Fletching
15:30 Horse Collar
23:01 Castle Age
21:40 Stone Mining
21:41 Gold Mining
23:01 Wheelbarrow
23:54 Heavy Plow
29:49 Hand Cart
30:30 Forging
32:21 Pikeman
32:23 Man-at-Arms
33:04 Squires
32:49 Arson
33:21 Long Swordsman
Mr.stealyoBoar
10:46 Feudal Age
14:59 Castle Age
12:52 Horse Collar
13:04 Double-Bit Axe
16:24 Bow Saw
20:35 Heavy Plow
21:32 Loom
22:26 Wheelbarrow
22:43 Fletching
23:58 Ballistics
23:41 Padded Archer Armor
24:02 Crossbowman
24:52 Thumb Ring
25:53 Gold Mining
27:02 Bodkin Arrow
27:22 Leather Archer Armor
31:47 Imperial Age
33:31 Chemistry
32:33 Bracer
33:04 Ring Archer Armor
31:58 Arbalester
Connection lost

Rejoining the realm…

Still unreachable

The connection could not be restored.

Session expired

The server has moved on; the page needs a fresh start.